 Dungeon Crawl Stone Soup version 0.31.0-32-g396128a36d (webtiles) character file.

Game seed: 5726745877628513606

123 mparten the Conjurer (level 4, -5/24 HPs)
             Began as a Deep Elf Conjurer on Mar 31, 2024.
             Was a Believer of Sif Muna.
             Slain by an orc warrior
             ... wielding a +0 flail
              (11 damage)
             ... on level 4 of the Dungeon.
             The game lasted 00:09:49 (3199 turns).

mparten the Conjurer (Deep Elf Conjurer)            Turns: 3199, Time: 00:09:50

Health: -5/24      AC:  3    Str:  4    XL:     4   Next: 79%
Magic:  1/12       EV: 13    Int: 25    God:    Sif Muna [**....]
Gold:   117        SH:  0    Dex: 17    Spells: 9/12 levels left

rFire   . . .        b - +9 dagger "Hiomisoc" {venom, Will+ Dex+4}
rCold   . . .        (no shield)
rNeg    . . .        a - +0 robe
rPois   .            (no helmet)
rElec   .            (no cloak)
rCorr   .            (no gloves)
SInv    .            n - +0 pair of boots
Will    ++...        (no amulet)
Stlth   +++          g - ring of willpower
HPRegen 0.24/turn    A - ring of flight
MPRegen 0.13/turn

%: no passive effects
@: flying
A: no striking features
a: Renounce Religion, Channel Magic


You were on level 4 of the Dungeon.
You worshipped Sif Muna.
Sif Muna was pleased with you.
You visited 1 branch of the dungeon, and saw 4 of its levels.

You collected 117 gold pieces.

Inventory:

Hand Weapons
 b - the +9 dagger "Hiomisoc" (weapon) {venom, Will+ Dex+4}
   (You found it on level 2 of the Dungeon)

   Dex+4:     It affects your dexterity (+4).
   Will+:     It increases your willpower.
Armour
 a - a +0 robe (worn)
 n - a +0 pair of boots (worn)
Jewellery
 g - a ring of willpower (left hand)
 A - a ring of flight (right hand)
 C - an amulet of guardian spirit
Wands
 w - a wand of acid (6)
 B - a wand of polymorph (6)
Scrolls
 d - 3 scrolls of teleportation {unknown}
 f - 2 scrolls of summoning {unknown}
 i - 2 scrolls of enchant weapon {unknown}
 j - 4 scrolls of identify {unknown}
 k - a scroll of fear {unknown}
 l - a scroll of silence {unknown}
 o - 2 scrolls of poison {unknown}
 q - a scroll of noise {unknown}
 t - a scroll of immolation {unknown}
 v - a scroll of enchant armour {unknown}
 x - a scroll of amnesia {unknown}
 y - a scroll of blinking {unknown}
Potions
 c - 2 potions of heal wounds {unknown}
 e - 2 potions of cancellation {unknown}
 h - 2 potions of attraction {unknown}
 m - a potion of resistance {unknown}
 p - a potion of might {unknown}
 r - a potion of haste {unknown}
 s - a potion of lignification {unknown}
 u - a potion of enlightenment {unknown}
 z - a potion of brilliance {unknown}


   Skills:
 + Level 3.3 Dodging
 + Level 3.4 Stealth
 * Level 4.7 Spellcasting
 * Level 5.2 Conjurations


You had 9 spell levels left.
You knew the following spells:

 Your Spells              Type           Power      Damage    Failure   Level
a - Magic Dart            Conj           100%       1d8       1%          1
b - Searing Ray           Conj           64%        2d6       1%          2

Your spell library contained the following spells:

 Spells                   Type           Power      Damage    Failure   Level
 Dazzling Flash           Conj/Hex       38%        N/A       9%          3
 Mephitic Cloud           Conj/Alch/Air  14%        N/A       12%         3
 Ensorcelled Hibernation  Hex/Ice        10%        N/A       13%         2
 Fugue of the Fallen      Necr           5%         N/A       26%         3
 Fulminant Prism          Conj/Alch      9%         3d6       28%         4
 Iskenderun's Mystic Bla  Conj/Tloc      19%        2d6       28%         4
 Anguish                  Hex/Necr       2%         N/A       63%         4
 Curse of Agony           Necr           5%         N/A       93%         5
 Silence                  Hex/Air        2%         N/A       93%         5


Dungeon Overview and Level Annotations

Branches:
Dungeon (4/15)
 Temple: D:4-7

Altars:
Dithmenos
Elyvilon
Sif Muna

Shops:
D:1 ?   D:2 (*[


Message History

Sif Muna accepts your kill.
You now have 9/12 mp.
You now have 8/12 mp.
You finish channelling your searing ray.
The orc priest closely misses you.
You now have 7/12 mp.
Casting: Searing Ray (safe; 1% risk of failure)
Confirm with . or Enter, or press ? or * to list all spells.
Aiming: Searing Ray (safe; 1% risk of failure)
Press: ? - help, Shift-Dir - straight line, f - orc priest
Aim: an orc priest, wielding a +2 trident of protection and wearing a +0 chain mail (86% to hit)
The searing ray hits the orc priest.
The orc priest is moderately wounded. (Press . to maintain the ray.)
The orc priest hits you from afar with a +2 trident of protection.
You take 6 damage, and have 18/24 hp.
MASSIVE DAMAGE!!
You now have 5/12 mp.
Casting: Searing Ray (safe; 1% risk of failure)
Confirm with . or Enter, or press ? or * to list all spells.
Restarting spell: Searing Ray (safe; 1% risk of failure)
Press: ? - help, Shift-Dir - straight line, f/p - orc priest
Aim: an orc priest, wielding a +2 trident of protection and wearing a +0 chain mail (moderately wounded, 86% to hit)
The searing ray hits the orc warrior.
The orc warrior is lightly wounded.
The searing ray hits the orc priest.
The orc priest is heavily wounded. (Press . to maintain the ray.)
The orc priest hits you from afar with a +2 trident of protection.
You take 3 damage, and have 15/24 hp.
You now have 3/12 mp.
Casting: Searing Ray (safe; 1% risk of failure)
Confirm with . or Enter, or press ? or * to list all spells.
Restarting spell: Searing Ray (safe; 1% risk of failure)
Press: ? - help, Shift-Dir - straight line, f/p - orc priest
Aim: an orc priest, wielding a +2 trident of protection and wearing a +0 chain mail (heavily wounded, 86% to hit)
The searing ray hits the orc priest.
The orc priest is severely wounded. (Press . to maintain the ray.)
The orc priest hits you from afar with a +2 trident of protection!
* * * LOW HITPOINT WARNING * * *
The orc warrior hits you with a +0 flail!
You die...

##.
##..#####
........##
##.......##
..........#
.....)....#
..........#
.....o.@..#
#####..o<.#
#+#...#
#####


You could see an orc warrior and an orc priest.

Vanquished Creatures
  6 adders
  4 dart slugs
  A ribbon worm (D:2)
  3 orcs
  6 bats
  4 endoplasms
  A giant cockroach (D:2)
  7 goblins
  5 hobgoblins
  3 jackals (D:2)
  2 kobolds (D:1)
  3 quokkas (D:2)
  5 ball pythons
  2 frilled lizards
  2 rats
54 creatures vanquished.

Notes
Turn   | Place    | Note
-------+----------+-------------------------------------------
     0 | D:1      | mparten the Deep Elf Conjurer began the quest for the Orb.
     0 | D:1      | Reached XP level 1. HP: 10/10 MP: 6/6
   246 | D:1      | Found The Oracle's Delphic Readings.
   260 | D:1      | Reached XP level 2. HP: 14/15 MP: 2/8
   340 | D:1      | Found a faded altar of an unknown god.
  1079 | D:1      | Prayed at the altar of an unknown god.
  1079 | D:1      | Became a worshipper of Sif Muna the Loreminder
  1079 | D:1      | Reached * piety under Sif Muna
  1093 | D:2      | Found Xulasit's Weapon Boutique.
  1093 | D:2      | Found Vyegosod's General Store.
  1172 | D:2      | Found Robear's Antique Armour Emporium.
  1265 | D:2      | Reached XP level 3. HP: 19/19 MP: 5/10
  1379 | D:2      | Reached skill level 5 in Conjurations
  1552 | D:2      | Reached XP level 4. HP: 9/24 MP: 9/12
  1719 | D:2      | Learned a level 2 spell: Searing Ray
  1751 | D:2      | Identified the +9 dagger "Hiomisoc" {venom, Will+ Dex+4}
  2545 | D:3      | Reached ** piety under Sif Muna
  3092 | D:3      | Found a white marble altar of Elyvilon.
  3092 | D:3      | Found a shadowy altar of Dithmenos.
  3191 | D:4      | Noticed an orc warrior
  3199 | D:4      | Slain by an orc warrior

Illustrated notes

Levels and vault maps discovered:
D:1:      eino_arrival_cavern_a, layout_basic,
          hellmonk_ecumenical_altar_pennies_from_heaven, minmay_strange_pillars,
          nicolae_nh_oracle_at_delphi
D:2:      layout_rooms, serial_shops, shop, nicolae_shop_tiny_glass, shop,
          minmay_circle_x
D:3:      layout_loops_ring, amethyst_overflow_temple_binary,
          kennysheep_generic_room_7
D:4:      nicolae_cairo_tiling_very_big, layout_cave_pods, uniq_pikel

Skill      XL: |  1  2  3 |
---------------+----------+-----
Stealth        | 3 |  3.4
Spellcasting   | 4 |  4.7
Conjurations   | 5 |  5.2
Dodging        | 3 |  3.3

Action                     |  1- 3 |  4- 6 || total
---------------------------+-------+-------++-------
   Cast: Magic Dart        |    68 |     4 ||    72
         Searing Ray       |       |    25 ||    25
    Use: Potion            |     1 |       ||     1
 Armour: Robe              |    11 |     6 ||    17
  Dodge: Dodged            |    11 |     4 ||    15
